 Dungeon Crawl Stone Soup version 0.30.1-11-g7821555f0a (webtiles) character file.

Game seed: 3862356039337998369

384 HeliumTrimp the Chopper (level 6, 0/46 (50) HPs)
             Began as a Hill Orc Reaver on Jan 12, 2024.
             Was a Follower of Jiyva.
             Slain by Grinder (7 damage)
             ... on level 4 of the Dungeon.
             The game lasted 00:13:32 (3979 turns).

HeliumTrimp the Chopper (Hill Orc Reaver)           Turns: 3979, Time: 00:13:33

HP:   0/46 (50)     AC:  3    Str: 15    XL:     6   Next: 77%
MP:   7/8           EV: 11    Int: 15    God:    Jiyva [*.....]
Gold: 142           SH:  0    Dex:  9    Spells: 0/8 levels left

rFire   . . .        m - +1 hand axe (freeze)
rCold   . . .        (no shield)
rNeg    . . .        t - +0 robe
rPois   .            (no helmet)
rElec   .            (no cloak)
rCorr   +            a - +0 pair of gloves
SInv    .            (no boots)
Will    .....        (no amulet)
Stlth   +            j - ring of resist corrosion
HPRegen 1.07/turn    (no ring)
MPRegen 0.36/turn

%: no passive effects
@: drained
A: no striking features
a: Renounce Religion


You were on level 4 of the Dungeon.
You worshipped Jiyva.
Jiyva was aware of your devotion.
You visited 1 branch of the dungeon, and saw 4 of its levels.
You also visited: Sewer.

You collected 142 gold pieces.

Inventory:

Hand Weapons
 c - a +2 sling of draining
 m - a +1 hand axe of freezing (weapon)
Armour
 a - a +0 pair of gloves (worn)
 t - a +0 robe (worn)
Magical Staves
 p - a staff of poison
Jewellery
 j - a ring of resist corrosion (left hand)
Wands
 v - a wand of light (4)
Scrolls
 b - a scroll of fear {unknown}
 f - 4 scrolls of identify {unknown}
 k - 2 scrolls of poison {unknown}
 l - 4 scrolls of magic mapping {unknown}
 q - a scroll of teleportation {unknown}
 u - a scroll of enchant weapon {unknown}
 w - a scroll of noise {unknown}
Potions
 d - 2 potions of invisibility {unknown}
 e - 2 potions of mutation {unknown}
 g - 2 potions of ambrosia {unknown}
 h - 2 potions of magic {unknown}
 i - a potion of might {unknown}
 n - a potion of degeneration {unknown}
 o - 3 potions of haste {unknown}
 r - 3 potions of resistance {unknown}
 s - a potion of heal wounds {unknown}


   Skills:
 - Level 2.4 Fighting
 - Level 5.4 Axes
 - Level 1.5 Dodging
 - Level 1.5 Spellcasting
 + Level 4.1 Conjurations
 - Level 2.0 Necromancy
 * Level 4.1 Ice Magic


You couldn't memorise any spells.
You knew the following spells:

 Your Spells              Type           Power      Damage    Failure   Level
a - Kiss of Death         Conj/Necr      40%        2d8       7%          1
b - Frozen Ramparts       Ice            26%        1d4       13%         3
c - Freeze                Ice            52%        1d6       4%          1
d - Hailstorm             Conj/Ice       13%        3d5       13%         3

Your spell library contained the following spells:

 Spells                   Type           Power      Damage    Failure   Level
 Momentum Strike          Conj/Tloc      14%        3d8       16%         2
 Cigotuvi's Dreadful Rot  Necr/Pois/Air  6%         N/A       26%         2
 Ignite Poison            Fire/Tmut/Pois 1%         N/A       56%         3
 Dispel Undead            Necr           7%         3d8       71%         4
 Anguish                  Hex/Necr       2%         N/A       83%         4
 Freezing Cloud           Conj/Ice/Air   4%         6-21      90%         5
 Cause Fear               Hex            0%         N/A       93%         4
 Death Channel            Necr           3%         N/A       100%        6
 Enfeeble                 Hex            0%         N/A       100%        7


Dungeon Overview and Level Annotations

Branches:
Dungeon (4/15)             Temple (0/1) D:4           Sewer (visited)

Altars:

Annotations:
D:4 Grinder


Message History

Press: ? - help, Shift-Dir - straight line, f/p - Grinder
Aim: Grinder (moderately wounded, blind)
You freeze Grinder.
Grinder resists.
Grinder is moderately wounded.
Grinder gestures at you.
You suddenly lose the ability to move!
Grinder gestures at you. Pain shoots through your body!
You can move again.
Unknown command.
Casting: Freeze (safe; 4% risk of failure)
Confirm with . or Enter, or press ? or * to list all spells.
Aiming: Freeze (safe; 4% risk of failure)
Press: ? - help, Shift-Dir - straight line, f/p - Grinder
Aim: Grinder (moderately wounded, blind)
You freeze Grinder but do no damage.
Grinder completely resists.
Grinder gestures at you.
You shrug off the repeated paralysis!
Unknown command.
Casting: Freeze (safe; 4% risk of failure)
Confirm with . or Enter, or press ? or * to list all spells.
Aiming: Freeze (safe; 4% risk of failure)
Press: ? - help, Shift-Dir - straight line, f/p - Grinder
Aim: Grinder (moderately wounded, blind)
You freeze Grinder.
Grinder resists.
Grinder is moderately wounded.
Grinder hits you.
* * * LOW HITPOINT WARNING * * *
You writhe in agony.
* * * LOW HITPOINT WARNING * * *
You slash Grinder!
Grinder is heavily wounded.
Grinder hits you.
* * * LOW HITPOINT WARNING * * *
You writhe in agony.
* * * LOW HITPOINT WARNING * * *
You hit Grinder.
Grinder is heavily wounded.
Grinder hits you!
You die...

#........##...>.......
.....<...
#......#.....
........#
###.#####...#
........#
####....####..
........###........#
###
.........#....†...##
.................##
........<.........#
.#...@5.........# ###
#.....#........# #≈≈
.......#...........#
#≈≈
..........>........#
#≈≈
.......###.....#####
#≈≈ ......# #######
#≈≈ ...#.# #≈≈ ..###
#≈≈ #≈≈


You could see Grinder (blind).

Vanquished Creatures
  An orc priest (D:3)
  4 jellies (Sewer)
  11 adders
  3 river rats (Sewer)
  A worm (D:2)
  3 dart slugs (D:1)
  3 orcs
  9 ball pythons
  12 endoplasms
  11 giant cockroaches
  5 goblins
  8 hobgoblins
  A jackal (D:2)
  3 kobolds
  4 quokkas
  5 bats
  11 frilled lizards
  9 rats
104 creatures vanquished.

Vanquished Creatures (others)
  Natasha (D:3)
  An adder (D:4)
  2 endoplasms
  A kobold (D:3)
  A rat (D:3)
6 creatures vanquished.

Grand Total: 110 creatures vanquished

Notes
Turn   | Place    | Note
-------+----------+-------------------------------------------
     0 | D:1      | HeliumTrimp the Hill Orc Reaver began the quest for the
                  | Orb.
     0 | D:1      | Reached XP level 1. HP: 18/18 MP: 3/3
   219 | D:1      | Reached skill level 1 in Necromancy
   219 | D:1      | Reached XP level 2. HP: 18/25 MP: 4/4
   466 | D:1      | Reached XP level 3. HP: 27/30 MP: 5/5
   480 | D:1      | Learned a level 3 spell: Frozen Ramparts
   694 | D:1      | Reached skill level 5 in Axes
  1160 | D:2      | Reached skill level 1 in Ice Magic
  1179 | D:2      | Reached XP level 4. HP: 37/37 MP: 6/6
  1398 | D:2      | Found a faded altar of an unknown god.
  1993 | D:3      | Learned a level 1 spell: Freeze
  2054 | D:3      | Found a glowing drain.
  2079 | D:3      | Reached XP level 5. HP: 20/42 MP: 3/7
  2201 | Sewer    | Entered a sewer
  2750 | Sewer    | Reached XP level 6. HP: 34/50 MP: 3/8
  2866 | Sewer    | Found a viscous altar of Jiyva.
  2941 | Sewer    | Became a worshipper of Jiyva Jyodom the Shapeless
  3118 | D:3      | Killed Natasha
  3159 | D:3      | Learned a level 3 spell: Hailstorm
  3914 | D:4      | Found a staircase to the Ecumenical Temple.
  3965 | D:4      | Noticed Grinder
  3966 | D:4      | Reached * piety under Jiyva
  3974 | D:4      | Paralysed by Grinder for 2 turns
  3979 | D:4      | Slain by Grinder

Illustrated notes

Levels and vault maps discovered:
D:1:      minmay_arrival_split_and_join, layout_loops_ring
D:2:      layout_loops_ring, chequers_ecumenical_altar_simple_redux,
          st_stairs_14, chequers_serial_rivers_marsh
D:3:      layout_loops_ring, gup_sewer_entry_glass, serial_bayou_pond_d,
          hangedman_decor_clover_reticule, kennysheep_generic_room_4,
          uniq_natasha
D:4:      lemuel_castle_with_subvaults [lemuel_castle_interior_carwin_1],
          layout_cave_pools, nicolae_vehumet_altar_sigil,
          nicolae_overflow_hidden_temple, minmay_temple_entry_poolview,
          uniq_grinder

Skill      XL: |  1  2  3  4  5  6 |
---------------+-------------------+-----
Necromancy     | 1 2 |  2.0
Axes           | 5 |  5.4
Ice Magic      | 1 2 3 4 |  4.1
Conjurations   | 4 |  4.1
Fighting       | |  2.4
Dodging        | |  1.5
Spellcasting   | |  1.5

Action                     |  1- 3 |  4- 6 || total
---------------------------+-------+-------++-------
  Melee: Hand axe          |   161 |   227 ||   388
         Punch             |     1 |     5 ||     6
   Cast: Frozen Ramparts   |       |     2 ||     2
         Freeze            |       |    26 ||    26
         Kiss of Death     |       |     2 ||     2
  Evoke: Wand              |       |     3 ||     3
 Armour: Leather armour    |    21 |    24 ||    45
         Ring mail         |    15 |    17 ||    32
         Robe              |       |    15 ||    15
  Dodge: Dodged            |    91 |   143 ||   234
